 Dungeon Crawl Stone Soup version bcrawl-1.19.2-6-g6a88ae04c9 (webtiles) character file.

Game seed: 12706182611314000491

1400 Mrkan the Chopper (level 8, -7/70 HPs)
             Began as a Minotaur Fighter on Dec 29, 2019.
             Was a Believer of Lugonu.
             Killed from afar by an electric eel (10 damage)
             ... with a bolt of electricity
             ... on level 6 of the Dungeon.
             The game lasted 00:06:52 (4590 turns).

Mrkan the Chopper (Minotaur Fighter)                Turns: 4590, Time: 00:06:52

Health: -7/70      AC: 11    Str: 21    XL:     8   Next: 41%
Magic:  8/8        EV:  4    Int:  5    God:    Lugonu [**....]
Gold:   90         SH: 17    Dex: 10    Spells: 7/7 levels left

rFire    . . .     SeeInvis .   a - +0 war axe
rCold    . . .     Gourm    .   s - +2 large shield
rNeg     . . .     Faith    .   m - +0 chain mail
rPois    .         Spirit   .   (helmet restricted)
rElec    .         Reflect  .   (no cloak)
rCorr    .         Harm     .   (no gloves)
MR       .....                  x - +0 pair of boots
Stlth    ..........             u - amulet of regeneration
HPRegen  0.61/turn              (no ring)
MPRegen  0.11/turn              (no ring)

@: no status effects
A: retaliatory headbutt, horns 2, talons 1, clumsy 1, low mp 1, MP-powered wands
a: Depart the Abyss, Bend Space, Banish, Renounce Religion


You were on level 6 of the Dungeon.
You worshipped Lugonu.
Lugonu was pleased with you.
You were not hungry.

You visited 1 branch of the dungeon, and saw 6 of its levels.

You collected 414 gold pieces.
You spent 324 gold pieces at shops.

Inventory:

Hand Weapons
 a - a +0 war axe (weapon)
Armour
 m - a +0 chain mail (worn)
 s - a +2 large shield (worn)
 x - a +0 pair of boots (worn)
Jewellery
 u - an amulet of regeneration (around neck)
 A - a +4 amulet of reflection
 C - an uncursed ring of resist corrosion {unknown}
Wands
 b - a wand of clouds (6)
Scrolls
 c - a scroll of identify
 e - 4 scrolls of enchant armour {unknown}
 g - 3 scrolls of immolation {unknown}
 o - 2 scrolls of magic mapping {unknown}
 p - 2 scrolls of amnesia {unknown}
 q - 4 scrolls of teleportation {unknown}
 r - a scroll of enchant weapon {unknown}
 v - 3 scrolls of remove curse {unknown}
 y - a scroll of acquirement {unknown}
Potions
 d - 2 potions of might
 h - 3 potions of agility
 i - 3 potions of haste
 j - 2 potions of flight
 k - a potion of mutation
 l - 2 potions of ambrosia
 n - a potion of brilliance
 t - a potion of invisibility {unknown}
 w - a potion of curing {unknown}
 z - a potion of heal wounds {unknown}
Comestibles
 f - 13 rations {!d}
 B - 5 chunks of flesh


   Skills:
 + Level 6.1 Fighting
 * Level 7.6 Axes
 + Level 6.3 Armour
 - Level 1.2 Dodging
 + Level 6.2 Shields
 + Level 3.6 Invocations


You had 7 spell levels left.
You didn't know any spells.
Your spell library was empty.

Dungeon Overview and Level Annotations

Branches:
Dungeon (6/12)             Temple (0/1) D:4

Altars:
Ashenzari
Dithmenos
Hepliaklqana
Lugonu
Makhleb
Qazlal
Sif Muna
Trog
Xom
Zin

Shops:
D:6 =


Innate Abilities, Weirdness & Mutations

You reflexively headbutt those who attack you in melee.
You have a pair of horns on your head.
You have sharp toenails.
You are clumsy. (Dex -2)
Your magical capacity is low. (-10% MP)
You expend magic power (3 MP) to strengthen your wands.


Message History

The electric eel shoots out a bolt of lightning at you!
The bolt of electricity hits you!
You miss the electric eel. Your headbutt misses the electric eel.
The electric eel is almost dead.
You miss the electric eel. Your headbutt misses the electric eel.
The electric eel is almost dead.
The electric eel shoots out a bolt of lightning at you!
The bolt of electricity hits you!
* * * LOW HITPOINT WARNING * * *
You miss the electric eel. Your headbutt misses the electric eel.
The electric eel is almost dead.
The electric eel shoots out a bolt of lightning at you!
The bolt of electricity hits you!
* * * LOW HITPOINT WARNING * * *
It was a potion of mutation.
You feel extremely strange.
You feel clumsy.
Your toenails lengthen and sharpen.
You feel less energetic.
You feel your magical essence link to your wands.
The electric eel shoots out a bolt of lightning at you!
The bolt of electricity hits you!
You die...

....
....########
...........##
............#
......≈≈≈≈..##
.....8≈≈≈≈...#
......≈;≈≈...#
.......@.....##
...............
........#######
......>........
.$.............
....###..PPPPPP
#### ##........
#.........
###......... ♣


You could see an electric eel.

Vanquished Creatures
  A centaur zombie (D:6)
  2 ogres
  A bullfrog (D:4)
  Blork the orc (D:4)
  A wyvern skeleton (D:6)
  A scorpion (D:5)
  2 howler monkeys (D:5)
  3 crimson imps
  2 hounds
  A jelly (D:6)
  2 bullfrog skeletons
  A centaur skeleton (D:6)
  3 worker ants
  A hound zombie (D:6)
  2 gnolls (D:4)
  6 adders
  A shadow imp (D:5)
  An ooze (D:1)
  5 worms
  2 dart slugs
  5 leopard geckos
  7 orcs
  3 giant cockroaches (D:1)
  8 goblins
  9 hobgoblins
  9 jackals
  10 quokkas
  7 bats
  4 frilled lizards
  A jackal zombie (D:5)
  6 kobolds
  A quokka skeleton (D:4)
  5 rats
114 creatures vanquished.

Vanquished Creatures (others)
  2 plants (D:4)
2 creatures vanquished.

Grand Total: 116 creatures vanquished

Notes
Turn   | Place    | Note
-------+----------+-------------------------------------------
     0 | D:1      | Mrkan the Minotaur Fighter began the quest for the Orb.
     0 | D:1      | Reached XP level 1. HP: 19/19 MP: 0/0
   188 | D:1      | Reached XP level 2. HP: 27/27 MP: 1/1
   231 | D:1      | Reached skill level 3 in Axes
   364 | D:1      | Reached XP level 3. HP: 23/33 MP: 2/2
   463 | D:1      | Reached skill level 1 in Dodging
   796 | D:2      | Found a corrupted altar of Lugonu.
   830 | D:2      | Became a worshipper of Lugonu the Unformed
   910 | D:2      | Found a faded altar of an unknown god.
  1172 | D:2      | Found a shimmering blue altar of Sif Muna.
  1265 | D:2      | Found a stormy altar of Qazlal.
  1637 | D:3      | Reached XP level 4. HP: 40/40 MP: 3/3
  1741 | D:3      | Found a shadowy altar of Dithmenos.
  1751 | D:3      | Reached skill level 4 in Axes
  1844 | D:3      | Found a bloodstained altar of Trog.
  1936 | D:3      | Reached XP level 5. HP: 46/46 MP: 4/4
  1950 | D:3      | Reached skill level 1 in Invocations
  2105 | D:3      | Reached ** piety under Lugonu
  2197 | D:3      | Found a glowing silver altar of Zin.
  2474 | D:4      | Found a shattered altar of Ashenzari.
  2597 | D:4      | Noticed an ogre
  2602 | D:4      | Noticed Blork the orc
  2604 | D:4      | Killed an ogre
  2604 | D:4      | Reached skill level 5 in Axes
  2604 | D:4      | Reached XP level 6. HP: 51/53 MP: 6/6
  2612 | D:4      | Killed Blork the orc
  2631 | D:4      | HP: 2/55 [poisoned by Blork the orc]
  2638 | D:4      | HP: 2/55 [poisoned by Blork the orc]
  2646 | D:4      | HP: 1/55 [poisoned by Blork the orc]
  3031 | D:4      | Found a staircase to the Ecumenical Temple.
  3067 | D:4      | Reached skill level 5 in Fighting
  3067 | D:4      | Reached skill level 5 in Armour
  3067 | D:4      | Reached skill level 5 in Shields
  3124 | D:4      | Reached XP level 7. HP: 61/61 MP: 7/7
  3310 | D:4      | Found a burning altar of Makhleb.
  3506 | D:4      | Found a hazy altar of Hepliaklqana.
  3507 | D:4      | Found a shimmering altar of Xom.
  3507 | D:4      | Noticed a yak
  3508 | D:4      | Noticed a spectral ugly thing
  3508 | D:4      | Noticed a yak
  3699 | D:5      | Entered Level 5 of the Dungeon
  3745 | D:5      | Reached skill level 6 in Axes
  4248 | D:6      | Found Sedu's Jewellery Shop.
  4291 | D:6      | Bought a +4 amulet of reflection for 324 gold pieces
  4539 | D:6      | Reached XP level 8. HP: 66/70 MP: 9/9
  4549 | D:6      | Reached skill level 7 in Axes
  4589 | D:6      | HP: 3/70 [electric eel/bolt of electricity (10)]
  4590 | D:6      | Gained mutation: You are clumsy. (Dex -2) [potion of
                  | mutation]
  4590 | D:6      | Gained mutation: You have sharp toenails. [potion of
                  | mutation]
  4590 | D:6      | Gained mutation: Your magical capacity is low. (-10% MP)
                  | [potion of mutation]
  4590 | D:6      | Gained mutation: You expend magic power (3 MP) to
                  | strengthen your wands. [potion of mutation]
  4590 | D:6      | Killed from afar by an electric eel

Skill      XL: |  1  2  3  4  5  6  7  8 |
---------------+-------------------------+-----
Axes           | 3 4 5 6 7 |  7.6
Armour         | 4 5 6 |  6.3
Dodging        | 1 |  1.2
Fighting       | 4 5 6 |  6.1
Shields        | 4 5 6 |  6.2
Invocations    | 1 2 3 |  3.6

Action                   |  1- 3 |  4- 6 |  7- 9 || total
-------------------------+-------+-------+-------++-------
Melee: War axe           |    98 |   109 |   125 ||   332
       Headbutt          |    16 |    24 |    27 ||    67
  Use: Scroll            |       |       |     5 ||     5
       Potion            |       |       |     1 ||     1
  Eat: Chunk             |     2 |     5 |     5 ||    12
Armor: Scale mail        |    44 |       |       ||    44
       Chain mail        |    34 |    39 |    41 ||   114
Dodge: Dodged            |    36 |    35 |    13 ||    84
Block: Shield            |    70 |    66 |    18 ||   154
       Large shield      |       |       |    74 ||    74
